 Dungeon Crawl Stone Soup version 0.30-a0-540-g0af01429fa (webtiles) character file.

Game seed: 16886114006495700341

8858 Jase the Cleaver (level 11, -12/88 HPs)
             Began as a Hill Orc Fighter on Dec 26, 2022.
             Was an Elder of Makhleb.
             Mangled by an enormous slime creature (33 damage)
             ... on level 13 of the Dungeon.
             The game lasted 00:26:55 (8624 turns).

Jase the Cleaver (Hill Orc Fighter)                 Turns: 8624, Time: 00:26:55

Health: -12/88     AC: 18    Str: 28    XL:     11   Next: 37%
Magic:  0/20       EV:  8    Int:  8    God:    Makhleb [****..]
Gold:   536        SH:  0    Dex: 10    Spells: 10/10 levels left

rFire   . . .      SeeInvis .    a - +0 broad axe (flame)
rCold   . . .      Faith    .    (no shield)
rNeg    . . .      Spirit   +    B - +0 plate armour
rPois   .          Reflect  .    H - +0 helmet
rElec   .          Harm     .    (no cloak)
rCorr   .          Rampage  .    K - +0 pair of gloves
Will    .....                    n - +0 pair of boots Stlth
                                 t - amulet "Wosam" {Spirit Str+4}
HPRegen 0.34/turn                d - +4 ring of slaying
MPRegen 0.17/turn                (no ring)

@: no status effects
A: no striking features
a: Renounce Religion, Minor Destruction, Lesser Servant of Makhleb, Major
Destruction


You were on level 13 of the Dungeon.
You worshipped Makhleb.
Makhleb was greatly pleased with you.
You visited 1 branch of the dungeon, and saw 12 of its levels.

You collected 648 gold pieces.
You spent 112 gold pieces at shops.

Inventory:

Hand Weapons
 a - a +0 broad axe of flaming (weapon)
 b - a +0 battleaxe
Missiles
 e - 95 stones
 j - 5 curare-tipped darts
 k - 14 boomerangs
 x - 16 poisoned darts (quivered)
 y - a throwing net
Armour
 n - a +0 pair of boots (worn)
 B - a +0 plate armour (worn)
 H - a +0 helmet (worn)
 K - a +0 pair of gloves (worn)
Jewellery
 d - a +4 ring of slaying (left hand)
 t - the amulet "Wosam" (around neck) {Spirit Str+4}
   (You found it on level 4 of the Dungeon)

   [amulet of guardian spirit]

   It causes incoming damage to be divided between your reserves of health and
   magic.
   Str:       It affects your strength (+4).
Wands
 M - a wand of digging (1)
 N - a wand of flame (14)
Scrolls
 c - 4 scrolls of silence {unknown}
 i - 6 scrolls of teleportation
 l - a scroll of vulnerability
 m - 5 scrolls of fog
 p - 3 scrolls of blinking {unknown}
 s - 3 scrolls of magic mapping {unknown}
 u - a scroll of enchant weapon {unknown}
 w - 3 scrolls of amnesia
 D - 2 scrolls of enchant armour {unknown}
 E - 2 scrolls of brand weapon {unknown}
 I - 2 scrolls of summoning {unknown}
 J - a scroll of fear {unknown}
 L - a scroll of identify
 O - a scroll of torment {unknown}
Potions
 f - a potion of heal wounds
 g - a potion of brilliance
 h - 3 potions of invisibility
 o - 2 potions of lignification
 q - a potion of resistance
 r - 6 potions of curing
 v - a potion of haste
 z - 2 potions of flight
 A - a potion of might
 C - 2 potions of attraction
 F - 2 potions of mutation {unknown}
 G - a potion of magic {unknown}


   Skills:
 + Level 5.2 Fighting
 + Level 14.1 Axes
 - Level 10.0 Armour
 - Level 3.2 Shields
 + Level 13.2 Invocations


You had 10 spell levels left.
You didn't know any spells.
Your spell library contained the following spells:

 Spells                   Type           Power      Damage    Failure   Level
 Magic Dart               Conj           0%         1d3       98%         1
 Summon Small Mammal      Summ           0%         N/A       98%         1
 Blink                    Tloc           0%         N/A       99%         2
 Cigotuvi's Dreadful Rot  Necr/Pois/Air  0%         N/A       99%         2
 Poisonous Vapours        Pois/Air       0%         N/A       99%         2
 Searing Ray              Conj           0%         2d4       99%         2
 Call Canine Familiar     Summ           0%         N/A       100%        3
 Gell's Gravitas          Tloc           0%         N/A       100%        3
 Inner Flame              Hex/Fire       0%         N/A       100%        3
 Kindle Blastsparks       Fire/Tloc/Air  0%         2d10      100%        3
 Lesser Beckoning         Tloc           0%         N/A       100%        3
 Mephitic Cloud           Conj/Pois/Air  0%         N/A       100%        3
 Stone Arrow              Conj/Erth      0%         3d7       100%        3
 Summon Guardian Golem    Hex/Summ       0%         N/A       100%        3
 Teleport Other           Tloc           0%         N/A       100%        3
 Animate Armour           Summ/Erth      0%         N/A       100%        4
 Dispel Undead            Necr           0%         3d6       100%        4
 Flame Wave               Conj/Fire      0%         2d4       100%        4
 Fulminant Prism          Conj/Hex       0%         3d5       100%        4
 Iskenderun's Mystic Bla  Conj/Tloc      0%         2d3       100%        4
 Manifold Assault         Tloc           0%         N/A       100%        4
 Sticky Flame             Conj/Fire      0%         2d3       100%        4
 Lee's Rapid Deconstruct  Erth           0%         3d4*      100%        5
 Death Channel            Necr           0%         N/A       100%        6
 Dispersal                Tloc           0%         N/A       100%        6
 Storm Form               Tmut/Air       0%         N/A       100%        7
 Lehudib's Crystal Spear  Conj/Erth      0%         10d2      100%        8


Dungeon Overview and Level Annotations

Branches:
Dungeon (11/15)            Temple (0/1) D:4            Lair (0/5) D:10
    Orc: D:9-12

Altars:
Cheibriados
Gozag
Makhleb
Wu Jian
Yredelemnul
Zin

Shops:
D:5 ?   D:7 !

Annotations:
D:6 2 transporters
D:11 Sonja


Message History

The enormous slime creature is moderately wounded.
You swap places.
The enormous slime creature hits your hellwing!
Your hellwing hits the enormous slime creature!
Your hellwing hits the enormous slime creature.
The enormous slime creature hits your hellwing!!!
Your hellwing dies!
Your hellwing disappears in a puff of smoke!
A demon appears!
You swap places.
Your ynoxinul gestures.
The enormous slime creature hits your ynoxinul!!!!
Your ynoxinul dies!
Your ynoxinul disappears in a puff of smoke!
Your ufetubus disappears in a puff of smoke! x2
Aiming: Minor Destruction (0% risk of failure)
Press: ? - help, Shift-Dir - straight line, f/p - enormous slime creature
Aim: an enormous slime creature (moderately wounded, covered in acid)
The zap hits the enormous slime creature.
The enormous slime creature is moderately wounded.
You hit the enormous slime creature. You burn the enormous slime creature.
The enormous slime creature is moderately wounded.
You slice the enormous slime creature!! You burn the enormous slime creature.
The enormous slime creature is heavily wounded.
The enormous slime creature is no longer covered in acid.
The enormous slime creature hits you!!
You slash the enormous slime creature! You burn the enormous slime creature.
The enormous slime creature is heavily wounded.
The enormous slime creature barely misses you.
You slice the enormous slime creature!! You burn the enormous slime creature.
The enormous slime creature is heavily wounded.
The enormous slime creature hits you!!
* * * LOW HITPOINT WARNING * * *
You completely miss the enormous slime creature.
The enormous slime creature is heavily wounded.
The enormous slime creature hits you but does no damage.
You hit the enormous slime creature. You burn the enormous slime creature.
The enormous slime creature is heavily wounded.
The enormous slime creature hits you!!!
You die...

### ########## ##.####
#........#
##.#...###.######.#
##.###......######.###
#.## ##.....@J.......#
##.###..##########...#
#..#...# #.##.#
.......#.#..#
#....J..#.#
######.###..#
#.####.##.# ##. .#.#
#.##.# .###.. #.##.#
.# #### #.##.# .#
#.##.#


You could see an enormous slime creature.

Vanquished Creatures
  A two-headed ogre (D:11)
  A manticore (D:11)
  A cyclops (D:10)
  A gargoyle (D:11)
  Maggie (D:8)
  A komodo dragon (D:11)
  A troll (D:11)
  A slime creature (D:13)
  9 yaks
  2 wyverns
  A water elemental (D:11)
  Grum (D:11)
  3 wargs (D:10)
  A water moccasin (D:7)
  2 ice beasts
  3 orc warriors
  A sky beast (D:7)
  A black bear (D:8)
  2 ogres (D:4)
  3 wolves (D:11)
  A centaur (D:5)
  A phantom (D:6)
  A kobold brigand (D:8)
  2 bullfrogs
  A gnoll sergeant (D:5)
  2 necrophages (D:6)
  2 scorpions
  5 wights (D:7)
  5 killer bees
  5 howler monkeys
  5 electric eels (D:11)
  2 jellies (D:7)
  7 orc priests
  4 hounds
  A gnoll bouda (D:8)
  7 orc wizards
  Natasha (D:3)
  18 gnolls
  6 adders
  2 shadow imps
  A white imp (D:6)
  2 ufetubi
  7 dart slugs
  19 orcs
  8 ball pythons
  5 bats
  7 endoplasms
  3 giant cockroaches
  5 hobgoblins
  4 jackals (D:1)
  6 kobolds
  4 quokkas
  3 frilled lizards (D:1)
  5 goblins
  10 rats
204 creatures vanquished.

Vanquished Creatures (collateral kills)
  A gargoyle (D:10)
  4 killer bees
  3 gnolls (D:8)
  5 kobolds (D:8)
13 creatures vanquished.

Grand Total: 217 creatures vanquished

Notes
Turn   | Place    | Note
-------+----------+-------------------------------------------
     0 | D:1      | Jase the Hill Orc Fighter began the quest for the Orb.
     0 | D:1      | Reached XP level 1. HP: 19/19 MP: 1/1
    29 | D:1      | Reached skill level 3 in Axes
   157 | D:1      | Reached XP level 2. HP: 26/26 MP: 2/2
   196 | D:1      | Reached skill level 4 in Axes
   310 | D:1      | Reached XP level 3. HP: 27/31 MP: 3/3
   627 | D:1      | Reached skill level 5 in Axes
   910 | D:2      | Reached XP level 4. HP: 39/39 MP: 4/4
  1280 | D:3      | Found a faded altar of an unknown god.
  1312 | D:3      | Prayed at the altar of an unknown god.
  1312 | D:3      | Became a worshipper of Makhleb the Destroyer
  1312 | D:3      | Reached * piety under Makhleb
  1431 | D:3      | Reached skill level 1 in Invocations
  1509 | D:3      | Noticed Natasha
  1524 | D:3      | Killed Natasha
  1525 | D:3      | Reached skill level 6 in Axes
  1746 | D:4      | Reached XP level 5. HP: 43/45 MP: 6/6
  1815 | D:4      | Noticed an ogre
  1828 | D:4      | Killed an ogre
  1829 | D:4      | Reached skill level 7 in Axes
  1829 | D:4      | Reached XP level 6. HP: 51/51 MP: 7/9
  1912 | D:4      | Identified the amulet "Wosam" {Spirit Str+4}
  1934 | D:4      | Found a snail-covered altar of Cheibriados.
  2023 | D:4      | Reached ** piety under Makhleb
  2171 | D:4      | Found a staircase to the Ecumenical Temple.
  2247 | D:5      | Entered Level 5 of the Dungeon
  2247 | D:5      | Found Tiget's Magic Scroll Shoppe.
  2249 | D:5      | Identified the +10 quarterstaff of Tofauss {vamp, rPois rN+
                  | Dex-3}
  2254 | D:5      | Bought a scroll of amnesia for 44 gold pieces
  2254 | D:5      | Bought a scroll of noise for 11 gold pieces
  2254 | D:5      | Bought a scroll of identify for 22 gold pieces
  2254 | D:5      | Bought a scroll of identify for 22 gold pieces
  2378 | D:5      | Reached skill level 5 in Invocations
  2378 | D:5      | Reached XP level 7. HP: 57/57 MP: 10/10
  2383 | D:5      | Found a basalt altar of Yredelemnul.
  2558 | D:5      | Noticed a yak
  2558 | D:5      | Noticed a yak
  2561 | D:5      | Noticed a yak
  2563 | D:5      | Noticed a yak
  2576 | D:5      | Killed a yak
  2577 | D:5      | Reached skill level 8 in Axes
  2577 | D:5      | Noticed a yak
  2578 | D:5      | Killed a yak
  2579 | D:5      | Noticed a yak
  2581 | D:5      | Killed a yak
  2582 | D:5      | Reached XP level 8. HP: 39/64 MP: 5/12
  2587 | D:5      | Killed a yak
  2588 | D:5      | Reached skill level 9 in Axes
  2588 | D:5      | Reached skill level 5 in Armour
  2591 | D:5      | Killed a yak
  2594 | D:5      | Killed a yak
  3106 | D:5      | Reached skill level 10 in Axes
  3488 | D:6      | Reached XP level 9. HP: 70/70 MP: 15/15
  3687 | D:6      | Found a transporter.
  3695 | D:6      | Found a transporter.
  3744 | D:6      | Noticed a toenail golem
  3847 | D:6      | Noticed an ancient zyme
  4307 | D:7      | Reached skill level 11 in Axes
  4334 | D:7      | Found an ornate altar of the Wu Jian Council.
  4344 | D:7      | Found Peloifeu's Distillery.
  4363 | D:7      | Bought a potion of degeneration for 13 gold pieces
  4649 | D:7      | Reached *** piety under Makhleb
  4909 | D:7      | Reached skill level 10 in Invocations
  5489 | D:8      | Reached XP level 10. HP: 76/77 MP: 17/17
  5551 | D:8      | Noticed Maggie
  5563 | D:8      | Killed Maggie
  5564 | D:8      | Reached skill level 12 in Axes
  6441 | D:9      | Reached **** piety under Makhleb
  6795 | D:10     | Entered Level 10 of the Dungeon
  6799 | D:10     | Found a staircase to the Lair.
  7054 | D:10     | Noticed a gargoyle
  7061 | D:10     | Killed a gargoyle
  7275 | D:10     | Reached skill level 13 in Axes
  7398 | D:10     | Found an opulent altar of Gozag.
  7411 | D:10     | Noticed a cyclops
  7417 | D:10     | Killed a cyclops
  7555 | D:10     | Found a glowing silver altar of Zin.
  7770 | D:11     | Noticed a two-headed ogre
  7783 | D:11     | Killed a two-headed ogre
  7784 | D:11     | Reached skill level 10 in Armour
  7784 | D:11     | Reached XP level 11. HP: 65/82 MP: 15/20
  7914 | D:11     | Noticed a manticore
  7929 | D:11     | Killed a manticore
  8001 | D:11     | Noticed Sonja
  8229 | D:11     | Reached skill level 14 in Axes
  8484 | D:11     | Noticed Grum
  8493 | D:11     | Killed Grum
  8496 | D:11     | Reached skill level 5 in Fighting
  8537 | D:11     | You fall into a shaft and drop 2 floors!
  8624 | D:13     | Mangled by an enormous slime creature

Illustrated notes

Levels and vault maps discovered:
D:1:      nzn_arrival_settlement, layout_rooms, roderic_roman_lattice
D:2:      layout_rooms, serial_glass, glass_columns_b, glass_columns_a,
          glass_columns_a, glass_columns_c
D:3:      layout_rooms, basic_ecumenical_altar, uniq_natasha
D:4:      layout_basic, mainiacjoe_overflow_tiny_flanked,
          minmay_temple_entry_trees
D:5:      layout_loops_corners, mainiacjoe_overflow_24_doors, serial_shops, shop
D:6:      layout_rooms, gammafunk_ghost_abyssal_escape
D:7:      layout_basic, overflow_temple_1_default, serial_shops,
          nicolae_square_shop, serial_park_tiny_pond, st_stairs_7,
          dk_noncrumbling_3
D:8:      layout_basic, uniq_maggie
D:9:      layout_loops_cross
D:10:     layout_rooms, pdpol_temple_overflow_zin_treasury_gozag_greed,
          erik_lair_orcish_takeover, serial_curves, eino_curves_03,
          eino_curves_04
D:11:     layout_basic, minivault_13, uniq_sonja, uniq_grum
D:13:     layout_loops_ring, erik_vaults_1, minmay_nine_imps, uniq_urug,
          uniq_erolcha

Skill      XL: |  1  2  3  4  5  6  7  8  9 10 11 |
---------------+----------------------------------+-----
Axes           | 3 4 5 6 7 8 10 11 13 14 | 14.1
Invocations    | 2 4 5 6 8 10 12 13 | 13.2
Armour         | 4 6 8 10 | 10.0
Fighting       | 5 |  5.2
Shields        | |  3.2

Action                   |  1- 3 |  4- 6 |  7- 9 | 10-12 || total
-------------------------+-------+-------+-------+-------++-------
Melee: War axe           |   109 |    86 |   194 |       ||   389
       Punch             |       |     2 |     2 |     2 ||     6
       Broad axe         |       |       |       |   161 ||   161
Throw: Dart              |       |     3 |       |     4 ||     7
Invok: Minor Destruction |       |       |    34 |    27 ||    61
       Lesser Servant of |       |       |     1 |     4 ||     5
  Use: Scroll            |       |     8 |     2 |     1 ||    11
       Potion            |       |       |     1 |       ||     1
 Stab: Distracted        |       |       |     2 |       ||     2
Armor: Scale mail        |    63 |     8 |       |       ||    71
       Chain mail        |       |    42 |    79 |       ||   121
       Plate armour      |       |       |    17 |    87 ||   104
Dodge: Dodged            |    50 |    36 |    68 |    61 ||   215

Table legend: (Time is in decaauts)
 A = Elapsed time spent in this place.
 B = Non-inter-level travel time spent in this place.
 C = Inter-level travel time spent in this place.
 D = Time resting spent in this place.
 E = Time spent auto-exploring this place.
 F = Levels seen in this place.
 G = Mean time per level.
                   A        B        C        D        E       F      G
               +--------+--------+--------+--------+--------+-----+--------+
         Total |   8667 |   8296 |    371 |   1549 |   5066 |  12 |  722.2 |
       Dungeon |   8667 |   8296 |    371 |   1549 |   5066 |  12 |  722.2 |
               +--------+--------+--------+--------+--------+-----+--------+

Top non-repeatable levels by time:
     D:7: 1356 daAuts
     D:5: 1220 daAuts
    D:10: 901 daAuts
     D:9: 855 daAuts
     D:8: 741 daAuts
     D:1: 739 daAuts
    D:11: 698 daAuts
     D:2: 575 daAuts
     D:6: 516 daAuts
     D:4: 516 daAuts
     D:3: 460 daAuts
    D:13: 85 daAuts
